AoeStats
← Zatára

Arabia

504564276Analyzed
1v1 RM · 27d ago on Sep 5, 2026· 50m 58s· 2 players
Game mode
Random Map
Map size
Tiny (2 player)
Population
200
Speed
Normal
Resources
Standard
Victory
Conquest
Starting age
Dark Age
Ending age
Imperial Age
RankedLock teamsTeams togetherTeam positionsShared explorationLock speedFull tech treeHidden civsTurbo modeCheats
Victory
Defeat
🇪🇸 Jurchens · Spain
1640
+14
🇸🇬 Mongols · Singapore
1592
-14
MotuMonk
7:38 Feudal Age
8:47 Double-Bit Axe
10:04 Loom
10:48 Horse Collar
18:55 Castle Age
20:28 Scale Barding Armor
23:39 Bloodlines
24:19 Fletching
25:27 Bow Saw
26:50 Bodkin Arrow
29:19 Gold Mining
30:18 Padded Archer Armor
31:02 Wheelbarrow
40:00 Imperial Age
37:57 Husbandry
37:17 Light Cavalry
38:09 Elite Skirmisher
38:55 Thumb Ring
41:15 Leather Archer Armor
41:02 Bracer
43:23 Parthian Tactics
43:21 Forging
43:31 Chain Barding Armor
43:44 Conscription
46:39 Hussar
Zatára
8:14 Loom
10:35 Feudal Age
11:06 Double-Bit Axe
11:12 Horse Collar
16:19 Wheelbarrow
16:58 Bloodlines
20:37 Castle Age
20:28 Scale Mail Armor
20:40 Forging
20:43 Pikeman
22:45 Squires
23:00 Bow Saw
23:26 Chain Mail Armor
25:39 Fletching
26:49 Arson
31:07 Ballistics
30:35 Town Watch
40:17 Imperial Age
38:03 Gold Mining
38:41 Murder Holes
38:30 Treadmill Crane
39:29 Hand Cart
40:27 Halberdier
40:28 Elite Fire Lancer
42:19 Chemistry
42:24 Conscription
42:34 Siege Engineers
42:34 Heavy Plow
43:29 Iron Casting
43:15 Masonry
44:04 Hoardings
44:11 Hoardings
44:38 Architecture
44:17 Fortified Bastions
45:40 Heavy Scorpion
46:31 Bodkin Arrow
46:28 Light Cavalry
47:08 Husbandry
47:15 Scale Barding Armor
47:40 Heavy Rocket Cart
48:18 Hussar
Connection lost

Rejoining the realm…

Still unreachable

The connection could not be restored.

Session expired

The server has moved on; the page needs a fresh start.